 Dungeon Crawl Stone Soup version 0.28.0-53-g5a82cb258f (webtiles) character file.

Game seed: 6811007709558047690

233 mcbry74 the Digger (level 5, -16/28 HPs)
             Began as a Deep Elf Earth Elementalist on July 10, 2022.
             Was an Initiate of Kikubaaqudgha.
             Demolished by an ogre
             ... wielding a +0 giant club
              (21 damage)
             ... on level 4 of the Dungeon.
             The game lasted 00:13:52 (3662 turns).

mcbry74 the Digger (Deep Elf Earth Elementalist)    Turns: 3662, Time: 00:13:52

Health: -16/28     AC:  6    Str:  5    XL:     5   Next: 75%
Magic:  11/11      EV: 11    Int: 22    God:    Kikubaaqudgha [......]
Gold:   132        SH:  0    Dex: 15    Spells: 4/10 levels left

rFire   . . .      SeeInvis .   f - +2 dagger (protect)
rCold   + . .      Faith    .   (no shield)
rNeg    . . .      Spirit   .   i - +2 leather armour {rC+}
rPois   .          Reflect  .   (no helmet)
rElec   .          Harm     .   (no cloak)
rCorr   .          Rampage  .   m - +0 pair of gloves
Will    .....                   (no boots)
Stlth   ++........              (no amulet)
HPRegen 0.09/turn               (no ring)
MPRegen 0.12/turn               (no ring)

@: no status effects
A: no striking features
a: Renounce Religion


You were on level 4 of the Dungeon.
You worshipped Kikubaaqudgha.
Kikubaaqudgha was noncommittal.
You visited 1 branch of the dungeon, and saw 4 of its levels.

You collected 223 gold pieces.
You spent 91 gold pieces at shops.

Inventory:

Hand Weapons
 e - a +2 dagger of venom
 f - a +2 dagger of protection (weapon)
 j - a +1 falchion of holy wrath
Missiles
 c - 71 stones
Armour
 b - a +0 robe
 i - a +2 leather armour of cold resistance (worn)
 m - a +0 pair of gloves (worn)
Jewellery
 o - a +6 ring of strength
 t - a ring of fire
Wands
 s - a wand of iceblast (7)
Scrolls
 a - a scroll of teleportation {unknown}
 d - 3 scrolls of identify {unknown}
 g - a scroll of vulnerability {unknown}
 n - 2 scrolls of blinking {unknown}
 p - a scroll of silence {unknown}
 q - 2 scrolls of fear {unknown}
Potions
 h - 2 potions of curing {unknown}
 k - 2 potions of mutation {unknown}
 l - a potion of degeneration {unknown}
 r - 2 potions of invisibility {unknown}


   Skills:
 - Level 2.4 Dodging
 - Level 2.4 Stealth
 - Level 3.0 Spellcasting
 - Level 1.0 Conjurations
 + Level 2.1 Necromancy
 - Level 2.1 Transmutations
 * Level 6.4 Earth Magic


You had 4 spell levels left.
You knew the following spells:

 Your Spells              Type           Power      Damage    Failure   Level
a - Sandblast             Erth           62%        2d14      1%          1
b - Passwall              Tmut/Erth      18%        N/A       5%          2
c - Stone Arrow           Conj/Erth      38%        3d9       14%         3

Your spell library contained the following spells:

 Spells                   Type           Power      Damage    Failure   Level
 Pain                     Necr           48%        1d6       9%          1
 Vampiric Draining        Necr           12%        2d6       26%         3
 Petrify                  Tmut/Erth      22%        N/A       34%         4
 Summon Guardian Golem    Hex/Summ       3%         N/A       52%         3
 Agony                    Necr           12%        N/A       94%         5
 Excruciating Wounds      Necr           6%         N/A       94%         5
 Infestation              Necr           6%         N/A       100%        8


Dungeon Overview and Level Annotations

Branches:
Dungeon (4/15)
 Temple: D:4-7

Altars:
Elyvilon
Kikubaaqudgha
Makhleb
Nemelex Xobeh
Okawaru

Shops:
D:4 **


Message History

You kill the endoplasm!
Kikubaaqudgha accepts your kill.
You open the door.
There is an open door here.
You open the door.
A ball python comes into view.
You hear the rapid hiss of a very distant avalanche of sand.
Found 17 gold pieces.
There is an open door here.
Aiming: Sandblast (safe; 1% risk of failure)
Press: ? - help, Q - select action, (/) - cycle Shift-Dir - straight line, f - ball python
Aim: a ball python (asleep, 100% to hit)
The blast of sand hits the ball python!
You kill the ball python!
Kikubaaqudgha accepts your kill.
Found Myocwuj's General Store.
You see here a ball python corpse.
You now have 132 gold pieces (gained 17).
An ogre comes into view. It is wielding a +0 giant club.
The ogre shouts!
There is an entrance to Myocwuj's General Store here.
An ogre is nearby!
You can access your shopping list by pressing '$'.
There is an open door here.
As you open the door, it creaks loudly!
The ogre hits you with a +0 giant club!!
Ouch! That really hurt!
* * * LOW HITPOINT WARNING * * *
There is an open door here.
Found a glowing orb.
Found a club.
A jelly comes into view.
The jelly quivers.
The jelly closely misses you. The jelly hits you but does no damage.
The jelly misses you.
The ogre hits you with a +0 giant club!!
Ouch! That really hurt!
You die...
Kikubaaqudgha rasps: "You have failed me!
Welcome... death!"

#.............#.....†#....#
#.............#......'....#
#....##########......###'##
#....###......#.......#..##
#.............#.......#....
#.............#.......#....
#...).........#.......#....
#........OJ...#.......#....
###########@####...... #....
#..................... #....
#.....................#.....
#................<....#.....
#.....................#.....
#.....................#.....
#.......).............#.####
#......#####......#######...
#......#...#......#.....#...


You could see an ogre and a jelly.

Vanquished Creatures
  A phantom (D:4)
  A hound (D:4)
  4 adders
  An adder skeleton (D:4)
  2 worms
  A dart slug (D:1)
  9 orcs
  4 endoplasms
  A giant cockroach (D:4)
  5 hobgoblins
  7 jackals
  3 quokkas
  11 ball pythons
  3 bats
  A frilled lizard (D:1)
  8 goblins
  6 kobolds
  5 rats
73 creatures vanquished.

Notes
Turn   | Place    | Note
-------+----------+-------------------------------------------
     0 | D:1      | mcbry74 the Deep Elf Earth Elementalist began the quest for
                  | the Orb.
     0 | D:1      | Reached XP level 1. HP: 10/10 MP: 6/6
   238 | D:1      | Reached skill level 4 in Earth Magic
   238 | D:1      | Reached XP level 2. HP: 6/15 MP: 4/8
   272 | D:1      | Learned a level 2 spell: Passwall
   540 | D:1      | Found a faded altar of an unknown god.
  1294 | D:2      | Reached XP level 3. HP: 19/19 MP: 6/9
  1322 | D:2      | Learned a level 3 spell: Stone Arrow
  2085 | D:3      | Reached XP level 4. HP: 24/24 MP: 8/10
  2175 | D:3      | Reached skill level 1 in Conjurations
  2209 | D:3      | Reached skill level 5 in Earth Magic
  2971 | D:4      | Found Geny's Assorted Antiques.
  2974 | D:4      | Bought a scroll labelled OCLOEZUEMM for 25 gold pieces
  2974 | D:4      | Bought a bubbling silvery potion for 22 gold pieces
  2974 | D:4      | Bought a bubbling silvery potion for 22 gold pieces
  2974 | D:4      | Bought a sedimented golden potion for 22 gold pieces
  3132 | D:4      | Found a burning altar of Makhleb.
  3132 | D:4      | Found a sparkling altar of Nemelex Xobeh.
  3137 | D:4      | Found an iron altar of Okawaru.
  3141 | D:4      | Found an ancient bone altar of Kikubaaqudgha.
  3142 | D:4      | Found a white marble altar of Elyvilon.
  3148 | D:4      | Became a worshipper of Kikubaaqudgha
  3253 | D:4      | Got the Collected Works on Captivating Dark Rituals
  3328 | D:4      | Reached skill level 1 in Necromancy
  3328 | D:4      | Reached XP level 5. HP: 15/28 MP: 11/11
  3484 | D:4      | Noticed a phantom
  3487 | D:4      | Killed a phantom
  3488 | D:4      | Reached skill level 6 in Earth Magic
  3621 | D:4      | Found Myocwuj's General Store.
  3628 | D:4      | Noticed an ogre
  3662 | D:4      | Demolished by an ogre

Illustrated notes

Levels and vault maps discovered:
D:1:      psy_arrival_statuary, layout_loops_ring,
          ebering_ecumenical_altar_mist, minmay_pentomino_z2
D:2:      layout_loops_ring
D:3:      layout_basic, serial_rivers, chequers_serial_rivers_micro_a,
          chequers_serial_rivers_room_b, chequers_serial_rivers_micro_d,
          chequers_serial_rivers_marsh, chequers_serial_rivers_micro_d,
          chequers_serial_rivers_micro_a, kennysheep_big_empty_room
D:4:      layout_gridville, chequers_temple_overflow_minitemple, serial_shops,
          nicolae_stop_n_shop_2, nicolae_shop_crystal,
          nicolae_shop_hallway_stairs, enter_ossuary_3, serial_bayou_crossing

Skill      XL: |  1  2  3  4  5 |
---------------+----------------+-----
Earth Magic    | 4 5 6 |  6.4
Transmutations | 2 |  2.1
Conjurations   | 1 |  1.0
Necromancy     | 1 2 |  2.1
Dodging        | |  2.4
Stealth        | |  2.4
Spellcasting   | |  3.0

Action                   |  1- 3 |  4- 6 || total
-------------------------+-------+-------++-------
Melee: Dagger            |    37 |    43 ||    80
       Punch             |     1 |       ||     1
 Cast: Sandblast         |    38 |    39 ||    77
 Stab: Sleeping          |       |     2 ||     2
Armor: Robe              |     7 |       ||     7
       Leather armour    |       |    25 ||    25
Dodge: Dodged            |    21 |    31 ||    52
